 Seeded DCSS version 0.28.0-47-ge53b351184 (webtiles) character file.

Game seed: 20220422 (custom seed)

100 jessy the Bolt Thrower (level 5, 0/39 HPs)
             Began as a Human Hunter on Apr 25, 2022.
             Slain by an orc
             ... wielding a +0 whip
              (3 damage)
             ... on level 3 of the Dungeon.
             The game lasted 00:14:59 (3150 turns).

jessy the Bolt Thrower (Human Hunter)               Turns: 3150, Time: 00:15:00

Health: 0/39       AC:  5    Str: 12    XL:     5   Next: 3%
Magic:  5/5        EV: 11    Int: 14    God:
Gold:   82         SH:  0    Dex: 13    Spells: 4/4 levels left

rFire   . . .      SeeInvis .   t - +0 halberd
rCold   . . .      Faith    .   (shield currently unavailable)
rNeg    . . .      Spirit   .   s - +0 ring mail
rPois   .          Reflect  .   (no helmet)
rElec   .          Harm     .   (no cloak)
rCorr   .          Rampage  .   (no gloves)
Will    .....                   (no boots)
Stlth   +.........              (no amulet)
HPRegen 0.13/turn               (no ring)
MPRegen 0.09/turn               (no ring)

@: no status effects
A: no striking features
a: no special abilities


You were on level 3 of the Dungeon.
You visited 1 branch of the dungeon, and saw 3 of its levels.

You collected 82 gold pieces.

Inventory:

Hand Weapons
 a - a +1 hand crossbow
 b - a +0 short sword
 e - a +0 club
 g - a +0 dagger
 i - a +0 rapier
 j - a +0 hand axe
 m - a +0 whip
 p - a +0 hunting sling
 t - a +0 halberd (weapon)
Missiles
 d - 32 bolts
 h - 46 stones
 n - 6 boomerangs (quivered)
 q - 24 arrows
 x - 13 sling bullets
Armour
 c - a +0 leather armour
 s - a +0 ring mail (worn)
 y - a +0 barding
Scrolls
 f - a scroll of holy word {unknown}
 l - a scroll of teleportation {unknown}
 r - a scroll of identify {unknown}
 v - a scroll of immolation {unknown}
 w - a scroll of fear {unknown}
Potions
 k - 2 potions of resistance {unknown}
 o - 2 potions of heal wounds {unknown}
 u - a potion of lignification {unknown}


   Skills:
 + Level 2.7 Fighting
 + Level 1.2 Short Blades
 + Level 1.4 Polearms
 + Level 4.3 Crossbows
 + Level 1.3 Armour
 + Level 2.6 Dodging
 + Level 1.1 Stealth


You had 4 spell levels left.
You didn't know any spells.
Your spell library was empty.

Dungeon Overview and Level Annotations

Branches:
Dungeon (3/15)

Altars:
Elyvilon
Uskayaw


Message History

Found 12 gold pieces.
There is a white marble altar of Elyvilon here.
There is a white marble altar of Elyvilon here.
You now have 82 gold pieces (gained 12).
You see here a frilled lizard corpse.
There is a large open door here.
There is a large open door here. 3 orcs come into view.
The orc shouts! x2; You hear a shout!
An orc priest comes into view. It is wielding a +0 dagger.
An orc comes into view. It is wielding a +0 whip.
The orc shouts!
The orc priest shouts!
The orc barely misses you.
You closely miss the orc. The orc barely misses you.
You barely miss the orc. The orc hits you with a +0 hand axe.
The orc closely misses you.
The orc priest invokes the aid of Beogh against you.
Beogh smites you!
You hit the orc.
The orc is heavily wounded.
The orc misses you.
You slash the orc!
You kill the orc!
You slash the orc!
You kill the orc!
You have reached level 5!
You closely miss the orc. The orc barely misses you.
The orc closely misses you.
You closely miss the orc. The orc hits you with a +0 short sword.
You closely miss the orc. The orc barely misses you.
The orc priest invokes the aid of Beogh against you.
Beogh smites you!
* * * LOW HITPOINT WARNING * * *
You slash the orc!
You kill the orc!
The orc priest looks encouraged for a moment.
You closely miss the orc. The orc hits you with a +0 whip.
* * * LOW HITPOINT WARNING * * *
The orc hits you with a +0 whip.
You die...

########.#
#.@oo....#
#.######.#
#.# #.#
########.#
#........#
#.####
#....#####
#.#.. #....#
#.#.###### #
#....#
##.#.#....#.#


You could see an orc priest and an orc.

Vanquished Creatures
  4 adders
  A worm (D:3)
  A dart slug (D:2)
  4 orcs (D:3)
  7 bats (D:1)
  3 endoplasms
  A giant cockroach (D:2)
  2 hobgoblins
  2 quokkas
  8 ball pythons
  A frilled lizard (D:3)
  10 goblins
  4 kobolds
  6 rats
54 creatures vanquished.

Notes
Turn   | Place    | Note
-------+----------+-------------------------------------------
     0 | D:1      | jessy the Human Hunter began the quest for the Orb.
     0 | D:1      | Reached XP level 1. HP: 16/16 MP: 1/1
   268 | D:1      | Reached XP level 2. HP: 22/23 MP: 2/2
   982 | D:1      | Reached XP level 3. HP: 26/28 MP: 3/3
  1783 | D:2      | Reached skill level 1 in Short Blades
  1783 | D:2      | Reached skill level 1 in Armour
  2358 | D:2      | Reached XP level 4. HP: 31/34 MP: 4/4
  2675 | D:3      | Reached skill level 1 in Polearms
  2719 | D:3      | Found a hide-covered altar of Uskayaw.
  3052 | D:3      | Found a white marble altar of Elyvilon.
  3146 | D:3      | Reached XP level 5. HP: 25/39 MP: 5/5
  3150 | D:3      | Slain by an orc

Illustrated notes

Levels and vault maps discovered:
D:1:      amcnicky_arrival_blooded_trapdoor, layout_loops_ring, serial_rivers,
          chequers_serial_rivers_small_b, chequers_serial_rivers_small_b,
          chequers_serial_rivers_micro_b, chequers_serial_rivers_micro_e,
          chequers_serial_rivers_marsh, chequers_serial_rivers_marsh
D:2:      layout_basic
D:3:      layout_basic, mainiacjoe_overflow_alcove_2,
          mainiacjoe_overflow_boulevard, minmay_quadrilaterals

Skill      XL: |  1  2  3  4 |
---------------+-------------+-----
Short Blades   | 1 |  1.2
Armour         | 1 |  1.3
Polearms       | 1 |  1.4
Fighting       | |  2.7
Crossbows      | |  4.3
Dodging        | |  2.6
Stealth        | |  1.1

Action                   |  1- 3 |  4- 6 || total
-------------------------+-------+-------++-------
Melee: Short sword       |    27 |       ||    27
       Rapier            |    84 |       ||    84
       Halberd           |    13 |    50 ||    63
       Punch             |     1 |       ||     1
 Fire: Hand crossbow     |     9 |       ||     9
Throw: Boomerang         |     1 |       ||     1
Armor: Leather armour    |    68 |       ||    68
       Ring mail         |    18 |    21 ||    39
Dodge: Dodged            |   162 |    31 ||   193
